 Dungeon Crawl Stone Soup version bcrawl-1.21.3 (webtiles) character file.

Game seed: 5740281023210708833

40 Flugslaktarn the Sneak (level 3, -7/23 HPs)
             Began as a Skeleton Archaeologist on Mar 29, 2020.
             Mangled by a gnoll
             ... wielding a +0 halberd
              (13 damage)
             ... on level 2 of the Dungeon.
             The game lasted 00:00:48 (1228 turns).

Flugslaktarn the Sneak (Skeleton Archaeologist)     Turns: 1228, Time: 00:00:49

Health: -7/23      AC:  6    Str: 16 (18) XL:     3   Next: 30%
Magic:  0/3        EV: 12    Int: 10 (12) God:
Gold:   110        SH:  0    Dex:  7      Spells: 2/2 levels left

rFire    . . .     SeeInvis .   a - +0 whip
rCold    + . .     Gourm    .   (no shield)
rNeg     + + +     Faith    .   b - +1 robe
rPois    ∞         Spirit   +   c - +1 hat
rElec    .         Reflect  .   (no cloak)
rCorr    .         Harm     .   (no gloves)
MR       .....                  d - +1 pair of boots
Stlth    +.........             (no amulet)
HPRegen  0.07/turn              (no ring)
MPRegen  0.08/turn              g - ring of attention (curse)

@: no status effects
A: no food or potions, cold resistance 1, deterioration 1, negative energy
resistance 3, torment resistance, unbreathing, magic shield, sturdy frame 1,
spell healing
a: no special abilities


You were on level 2 of the Dungeon.
You were not hungry.

You visited 1 branch of the dungeon, and saw 3 of its levels.

You collected 110 gold pieces.

Inventory:

Hand Weapons
 a - a +0 whip (weapon)
Armour
 b - a +1 robe (worn)
 c - a +1 hat (worn)
 d - a +1 pair of boots (worn)
Jewellery
 g - a cursed ring of attention (right hand)
   (You found it on level 1 of the Dungeon)
Scrolls
 e - a scroll of magic mapping
 h - 2 scrolls of remove curse {unknown}
 i - a scroll of identify {unknown}
Miscellaneous
 f - a dusty tome


   Skills:
 + Level 3.3 Fighting
 - Level 1.2 Maces & Flails
 - Level 3.0 Dodging
 - Level 3.6 Stealth


You had 2 spell levels left.
You didn't know any spells.
Your spell library was empty.

Dungeon Overview and Level Annotations

Branches:
Dungeon (3/12)

Altars:


Innate Abilities, Weirdness & Mutations

You do not eat or drink.
You are immune to poison.
Your flesh is cold resistant. (rC+)
Your body sometimes deteriorates upon taking damage.
You are immune to negative energy. (rN+++)
You are immune to unholy pain and torment.
You can survive without breathing.
When hurt, damage is shared between your health and your magic reserves.
Your movements are slightly less encumbered by armour. (ER -2)
Casting spells heals you.


Message History

The jackal closely misses you. The gnoll completely misses you.
The jackal closely misses you.
Unknown command.
You completely miss the gnoll. The jackal completely misses you.
The gnoll barely misses you. The jackal closely misses you.
The jackal bites you.
* * * LOW HITPOINT WARNING * * *
The gnoll completely misses you.
The jackal bites you but does no damage.
You are too injured to fight recklessly!
You closely miss the gnoll. The jackal barely misses you. x2
The gnoll closely misses you. The jackal closely misses you.
The jackal bites you but does no damage.
You are too injured to fight recklessly!
You hit the gnoll but do no damage.
The jackal bites you but does no damage.
The gnoll misses you. The jackal closely misses you. The jackal misses you.
The gnoll hits you from afar with a +0 halberd!
Ouch! That really hurt!
You die...

#.#!#.#.#..#†#
#..........#.#
#.#.#.#.#[...#
#.........#..#
#............#
###########..#
#######'##
#.....÷hh#
#.......@#
#.....ghg#
#......>.#
##########


You could see 2 gnolls and 3 jackals.

Vanquished Creatures
  An ooze (D:1)
  A worm (D:2)
  2 leopard geckos
  A giant cockroach (D:2)
  A goblin (D:1)
  3 hobgoblins (D:1)
  7 jackals
  6 kobolds
  3 bats
  2 frilled lizards (D:1)
  2 rats
29 creatures vanquished.

Notes
Turn   | Place    | Note
-------+----------+-------------------------------------------
     0 | D:1      | Flugslaktarn the Skeleton Archaeologist began the quest for
                  | the Orb.
     0 | D:1      | Reached XP level 1. HP: 12/12 MP: 1/1
   276 | D:1      | Reached XP level 2. HP: 10/17 MP: 2/2
   824 | D:2      | Reached XP level 3. HP: 22/23 MP: 3/3
  1228 | D:2      | Mangled by a gnoll

Skill      XL: |  1  2 |
---------------+-------+-----
Fighting       | 2 3 |  3.3
Maces & Flails | |  1.2
Dodging        | |  3.0
Stealth        | |  3.6

Action                   || total
-------------------------++-------
Melee: Whip              ||   163
 Stab: Sleeping          ||     1
Armor: Robe              ||    90
Dodge: Dodged            ||   173
